[ AOE2 MATCH · #507020435 ]
UnrankedWu vs Tupi
Rival team · WIN
[ REPLAY ANALYSIS · EXTRACTED FROM THE RECORDED GAME ]
Feudal
8:26
Castle
21:38
Imperial
—
| APM avg | 103.4 |
| APM peak | 138 |
| eAPM avg | 54.6 |
| Villagers / military | 56 / 48 |
Focus
⚔️ 60.5% · 🌾 39.5%
Cavalry Archer ×29 · Archer ×9 · Monk ×5 · Militia ×3 · Mangonel ×2 · Unknown (1944) ×2
Feudal
10:33
Castle
20:33
Imperial
—
| APM avg | 54.4 |
| APM peak | 96 |
| eAPM avg | 32.5 |
| Villagers / military | 63 / 25 |
Focus
⚔️ 37.8% · 🌾 62.2%
Unknown (2550) ×42 · Scorpion ×14 · Monk ×6 · Battering Ram ×4 · Mangonel ×1
Match map
Initial resources + every placement click. Lines = walls · curves = elevation contours. ◆ gold · ⬟ stone · ● berries · ✦ relic · ◌ wall gap
Your base· ✓ Closed at 21:38 · 42t walls · 1 gate(s)
Hoanginator's base· Open — opponent sealed themselves in
Smoothed initial terrain · ◌ = detected wall gap · hover for details
Inputs per minute
— TAG_Mihai06 - - Hoanginator
Build order — TAG_Mihai06
First 150 of 201 actions detected
| 0:00 | Queue | Villager (Male) |
| 0:01 | Build | House |
| 0:02 | Build | House |
| 0:04 | Build | House |
| 0:07 | Queue | Villager (Male) |
| 0:13 | Queue | Villager (Male) |
| 0:28 | Queue | Villager (Male) |
| 1:33 | Queue | Villager (Male) |
| 1:52 | Build | Lumber Camp |
| 1:55 | Queue | Villager (Male) |
| 2:15 | Queue | Villager (Male) |
| 2:42 | Queue | Villager (Male) |
| 3:12 | Queue | Villager (Male) |
| 3:29 | Queue | Villager (Male) |
| 3:51 | Queue | Villager (Male) |
| 4:12 | Queue | Villager (Male) |
| 4:35 | Queue | Villager (Male) |
| 5:06 | Queue | Villager (Male) |
| 5:24 | Build | Barracks |
| 5:44 | Research | Loom |
| 6:16 | Research | Feudal Age |
| 6:16 | Research | Feudal Age |
| 6:26 | Queue | Militia |
| 6:37 | Queue | Militia |
| 6:52 | Build | House |
| 7:05 | Build | Mining Camp |
| 7:33 | Queue | Militia |
| 7:39 | Queue | Villager (Male) |
| 8:26 | Age | Feudal Age |
| 8:36 | Research | Man-at-Arms (upgrade) |
| 8:36 | Research | Man-at-Arms (upgrade) |
| 8:41 | Build | Archery Range |
| 8:51 | Build | House |
| 8:56 | Queue | Villager (Male) |
| 8:56 | Queue | Villager (Male) |
| 9:04 | Build | Watch Tower |
| 9:14 | Queue | Villager (Male) |
| 9:38 | Queue | Archer |
| 9:38 | Queue | Villager (Male) |
| 9:52 | Build | Palisade Wall |
| 9:54 | Build | Palisade Wall |
| 10:03 | Build | House |
| 10:04 | Queue | Archer |
| 10:09 | Queue | Villager (Male) |
| 10:14 | Build | Mill |
| 10:28 | Queue | Archer |
| 10:54 | Queue | Villager (Male) |
| 11:18 | Queue | Archer |
| 11:19 | Queue | Villager (Male) |
| 11:27 | Build | Blacksmith |
| 11:31 | Build | House |
| 11:36 | Build | Palisade Wall |
| 11:38 | Build | House |
| 11:54 | Queue | Archer |
| 11:56 | Queue | Villager (Male) |
| 12:06 | Build | Palisade Wall |
| 12:12 | Build | Stone Wall |
| 12:14 | Build | Stone Wall |
| 12:15 | Build | Stone Wall |
| 12:15 | Queue | Villager (Male) |
| 12:22 | Build | Farm |
| 12:23 | Build | Farm |
| 12:27 | Research | Fletching |
| 12:27 | Research | Fletching |
| 12:28 | Queue | Archer |
| 12:44 | Build | Palisade Wall |
| 12:46 | Build | Palisade Wall |
| 12:46 | Build | Palisade Wall |
| 12:47 | Build | Palisade Wall |
| 12:50 | Build | Palisade Wall |
| 12:54 | Queue | Archer |
| 13:05 | Queue | Villager (Male) |
| 13:06 | Build | Farm |
| 13:25 | Build | House |
| 13:25 | Queue | Villager (Male) |
| 13:28 | Build | House |
| 13:45 | Queue | Archer |
| 13:45 | Queue | Villager (Male) |
| 13:53 | Build | Farm |
| 14:01 | Build | House |
| 14:06 | Build | Gate |
| 14:08 | Queue | Villager (Male) |
| 14:11 | Build | Farm |
| 14:13 | Build | House |
| 14:17 | Build | Palisade Wall |
| 14:17 | Build | Palisade Wall |
| 14:18 | Build | Palisade Wall |
| 14:21 | Queue | Villager (Male) |
| 14:41 | Build | House |
| 14:41 | Queue | Villager (Male) |
| 14:44 | Build | House |
| 14:53 | Queue | Villager (Male) |
| 15:11 | Build | Farm |
| 15:24 | Build | House |
| 15:28 | Queue | Villager (Male) |
| 15:37 | Build | Farm |
| 15:52 | Research | Arson |
| 15:56 | Queue | Villager (Male) |
| 16:07 | Build | Farm |
| 16:11 | Build | Farm |
| 16:11 | Queue | Villager (Male) |
| 16:27 | Build | Farm |
| 16:27 | Queue | Villager (Male) |
| 16:38 | Build | Palisade Wall |
| 16:38 | Build | Palisade Wall |
| 16:39 | Build | Palisade Wall |
| 16:42 | Build | Palisade Wall |
| 16:42 | Build | Palisade Wall |
| 16:42 | Build | Palisade Wall |
| 16:43 | Build | Palisade Wall |
| 16:44 | Queue | Villager (Male) |
| 17:00 | Build | Farm |
| 17:34 | Build | Palisade Wall |
| 17:34 | Build | Palisade Wall |
| 17:35 | Queue | Villager (Male) |
| 17:59 | Build | Market |
| 18:00 | Queue | Villager (Male) |
| 18:09 | Queue | Villager (Male) |
| 18:25 | Queue | Villager (Male) |
| 18:58 | Research | Castle Age |
| 20:02 | Build | Stable |
| 20:12 | Build | Archery Range |
| 20:13 | Build | Archery Range |
| 20:15 | Research | Padded Archer Armor |
| 20:28 | Build | Outpost |
| 20:28 | Research | Town Watch |
| 20:48 | Build | Watch Tower |
| 20:57 | Research | Gold Mining |
| 21:38 | Build | House |
| 21:38 | Age | Castle Age |
| 21:40 | Build | Palisade Wall |
| 21:43 | Queue | Villager (Male) |
| 21:46 | Queue | Cavalry Archer |
| 21:47 | Queue | Cavalry Archer |
| 21:49 | Build | Monastery |
| 21:52 | Research | Bodkin Arrow |
| 22:09 | Queue | Cavalry Archer |
| 22:09 | Queue | Cavalry Archer |
| 22:10 | Queue | Villager (Male) |
| 22:19 | Build | House |
| 22:30 | Queue | Monk |
| 22:45 | Queue | Cavalry Archer |
| 22:45 | Queue | Cavalry Archer |
| 22:46 | Queue | Villager (Male) |
| 22:54 | Queue | Cavalry Archer |
| 22:59 | Queue | Villager (Male) |
| 22:59 | Queue | Cavalry Archer |
| 23:27 | Queue | Cavalry Archer |
| 23:27 | Queue | Cavalry Archer |
| 23:28 | Queue | Villager (Male) |
Build order — Hoanginator
First 150 of 184 actions detected
| 0:02 | Queue | Villager (Male) |
| 0:03 | Build | House |
| 0:04 | Build | House |
| 0:06 | Queue | Villager (Male) |
| 0:06 | Queue | Villager (Male) |
| 0:08 | Queue | Villager (Male) |
| 0:08 | Queue | Villager (Male) |
| 1:10 | Queue | Villager (Male) |
| 1:10 | Queue | Villager (Male) |
| 1:49 | Build | Settlement |
| 2:03 | Queue | Villager (Male) |
| 2:03 | Queue | Villager (Male) |
| 2:03 | Queue | Villager (Male) |
| 2:18 | Queue | Villager (Male) |
| 2:18 | Queue | Villager (Male) |
| 2:38 | Queue | Villager (Male) |
| 2:38 | Queue | Villager (Male) |
| 3:01 | Build | Palisade Wall |
| 3:02 | Build | Palisade Wall |
| 3:02 | Build | Palisade Wall |
| 3:04 | Queue | Villager (Male) |
| 3:05 | Queue | Villager (Male) |
| 3:24 | Queue | Villager (Male) |
| 3:24 | Queue | Villager (Male) |
| 3:55 | Queue | Villager (Male) |
| 3:55 | Queue | Villager (Male) |
| 3:55 | Queue | Villager (Male) |
| 4:49 | Queue | Villager (Male) |
| 4:49 | Queue | Villager (Male) |
| 4:49 | Queue | Villager (Male) |
| 4:49 | Queue | Villager (Male) |
| 5:07 | Build | Settlement |
| 5:27 | Queue | Villager (Male) |
| 5:27 | Queue | Villager (Male) |
| 5:48 | Queue | Villager (Male) |
| 6:01 | Queue | Villager (Male) |
| 6:03 | Queue | Villager (Male) |
| 6:18 | Queue | Villager (Male) |
| 6:22 | Queue | Villager (Male) |
| 6:25 | Queue | Villager (Male) |
| 6:35 | Build | Palisade Wall |
| 6:36 | Build | Palisade Wall |
| 6:39 | Build | Palisade Wall |
| 6:41 | Queue | Villager (Male) |
| 7:12 | Queue | Villager (Male) |
| 7:14 | Build | Barracks |
| 7:22 | Build | House |
| 7:22 | Build | Palisade Wall |
| 7:28 | Research | Loom |
| 7:29 | Research | Loom |
| 7:31 | Queue | Villager (Male) |
| 7:33 | Build | Palisade Wall |
| 7:34 | Build | Palisade Wall |
| 7:41 | Research | Loom |
| 7:55 | Research | Feudal Age |
| 7:55 | Research | Feudal Age |
| 8:12 | Queue | Unit 2550 |
| 8:13 | Queue | Unit 2550 |
| 8:22 | Queue | Unit 2550 |
| 8:57 | Build | Palisade Wall |
| 9:03 | Build | House |
| 9:05 | Build | House |
| 9:16 | Build | Palisade Wall |
| 9:17 | Build | Palisade Wall |
| 9:42 | Queue | Villager (Male) |
| 9:45 | Build | Farm |
| 9:47 | Build | Farm |
| 10:05 | Queue | Villager (Male) |
| 10:13 | Queue | Villager (Male) |
| 10:15 | Queue | Unit 2550 |
| 10:32 | Queue | Villager (Male) |
| 10:33 | Age | Feudal Age |
| 10:39 | Build | Watch Tower |
| 10:55 | Research | Tech 1402 |
| 10:55 | Research | Tech 1402 |
| 10:56 | Queue | Villager (Male) |
| 11:07 | Queue | Villager (Male) |
| 11:26 | Queue | Unit 2550 |
| 11:29 | Queue | Villager (Male) |
| 11:36 | Build | Watch Tower |
| 11:39 | Queue | Villager (Male) |
| 11:56 | Queue | Villager (Male) |
| 12:26 | Queue | Unit 2550 |
| 12:26 | Queue | Unit 2550 |
| 12:36 | Queue | Villager (Male) |
| 13:12 | Build | Blacksmith |
| 13:23 | Queue | Villager (Male) |
| 13:28 | Build | Market |
| 14:18 | Queue | Villager (Male) |
| 14:35 | Build | Blacksmith |
| 14:58 | Build | Settlement |
| 15:06 | Queue | Villager (Male) |
| 15:32 | Queue | Villager (Male) |
| 15:57 | Build | Watch Tower |
| 16:06 | Build | Watch Tower |
| 16:15 | Build | Watch Tower |
| 16:22 | Queue | Villager (Male) |
| 16:24 | Build | Farm |
| 16:31 | Build | Settlement |
| 16:38 | Build | Farm |
| 16:40 | Queue | Villager (Male) |
| 16:51 | Build | Farm |
| 17:53 | Research | Castle Age |
| 18:46 | Research | Fletching |
| 19:38 | Build | Barracks |
| 19:43 | Build | Barracks |
| 20:33 | Age | Castle Age |
| 20:36 | Research | Tech 1351 |
| 20:36 | Research | Tech 1351 |
| 20:37 | Research | Squires |
| 20:37 | Research | Squires |
| 20:41 | Queue | Unit 2550 |
| 20:41 | Queue | Unit 2550 |
| 20:45 | Build | Market |
| 21:20 | Queue | Unit 2550 ×3 |
| 21:20 | Queue | Unit 2550 ×2 |
| 21:28 | Research | Arson |
| 21:28 | Research | Arson |
| 21:34 | Build | Farm |
| 21:45 | Queue | Unit 2550 |
| 22:02 | Queue | Villager (Male) |
| 22:05 | Build | Monastery |
| 22:45 | Build | Siege Workshop |
| 22:58 | Queue | Unit 2550 |
| 22:58 | Queue | Unit 2550 ×2 |
| 22:58 | Queue | Unit 2550 |
| 23:01 | Queue | Monk |
| 23:02 | Queue | Monk |
| 23:13 | Build | Settlement |
| 23:18 | Queue | Monk |
| 23:29 | Queue | Scorpion |
| 23:34 | Queue | Villager (Male) |
| 23:34 | Queue | Villager (Male) |
| 23:44 | Queue | Scorpion |
| 23:45 | Queue | Scorpion |
| 23:52 | Queue | Unit 2550 ×2 |
| 23:52 | Queue | Unit 2550 ×2 |
| 24:12 | Queue | Monk |
| 24:21 | Queue | Scorpion |
| 24:22 | Queue | Scorpion |
| 24:28 | Queue | Unit 2550 |
| 24:28 | Queue | Unit 2550 |
| 24:28 | Queue | Unit 2550 |
| 24:50 | Queue | Scorpion |
| 24:51 | Queue | Scorpion |
| 25:19 | Queue | Scorpion |
| 25:20 | Queue | Monk |
| 25:20 | Queue | Monk |
| 25:23 | Queue | Villager (Male) |
| 25:23 | Queue | Villager (Male) |
Match timeline
| 3:01 | Hoanginator · wall_segment Palisade Wall x1 |
| 3:02 | Hoanginator · wall_segment Palisade Wall x1 |
| 3:02 | Hoanginator · wall_segment Palisade Wall x1 |
| 5:24 | TAG_Mihai06 · first_building Barracks |
| 6:35 | Hoanginator · wall_segment Palisade Wall x1 |
| 6:36 | Hoanginator · wall_segment Palisade Wall x1 |
| 6:39 | Hoanginator · wall_segment Palisade Wall x1 |
| 7:14 | Hoanginator · first_building Barracks |
| 7:22 | Hoanginator · wall_segment Palisade Wall x5 |
| 7:33 | Hoanginator · wall_segment Palisade Wall x1 |
| 7:34 | Hoanginator · wall_segment Palisade Wall x1 |
| 8:26 | TAG_Mihai06 · age_up feudal |
| 8:41 | TAG_Mihai06 · first_building Archery Range |
| 8:57 | Hoanginator · wall_segment Palisade Wall x1 |
| 9:16 | Hoanginator · wall_segment Palisade Wall x1 |
| 9:17 | Hoanginator · wall_segment Palisade Wall x1 |
| 9:52 | TAG_Mihai06 · wall_segment Palisade Wall x1 |
| 9:54 | TAG_Mihai06 · wall_segment Palisade Wall x1 |
| 10:33 | Hoanginator · age_up feudal |
| 11:36 | TAG_Mihai06 · wall_segment Palisade Wall x1 |
| 12:06 | TAG_Mihai06 · wall_segment Palisade Wall x1 |
| 12:12 | TAG_Mihai06 · wall_segment Stone Wall x1 |
| 12:14 | TAG_Mihai06 · wall_segment Stone Wall x1 |
| 12:15 | TAG_Mihai06 · wall_segment Stone Wall x1 |
| 12:44 | TAG_Mihai06 · wall_segment Palisade Wall x1 |
| 12:46 | TAG_Mihai06 · wall_segment Palisade Wall x1 |
| 12:46 | TAG_Mihai06 · wall_segment Palisade Wall x1 |
| 12:47 | TAG_Mihai06 · wall_segment Palisade Wall x1 |
| 12:50 | TAG_Mihai06 · wall_segment Palisade Wall x10 |
| 14:17 | TAG_Mihai06 · wall_segment Palisade Wall x1 |
| 14:17 | TAG_Mihai06 · wall_segment Palisade Wall x1 |
| 14:18 | TAG_Mihai06 · wall_segment Palisade Wall x1 |
| 15:49 | Hoanginator · first_market_buy 100 stone |
| 16:38 | TAG_Mihai06 · wall_segment Palisade Wall x1 |
| 16:38 | TAG_Mihai06 · wall_segment Palisade Wall x1 |
| 16:39 | TAG_Mihai06 · wall_segment Palisade Wall x1 |
| 16:42 | TAG_Mihai06 · wall_segment Palisade Wall x1 |
| 16:42 | TAG_Mihai06 · wall_segment Palisade Wall x1 |
| 16:42 | TAG_Mihai06 · wall_segment Palisade Wall x1 |
| 16:43 | TAG_Mihai06 · wall_segment Palisade Wall x1 |
| 17:11 | Hoanginator · first_market_sell 500 wood |
| 17:34 | TAG_Mihai06 · wall_segment Palisade Wall x10 |
| 17:34 | TAG_Mihai06 · wall_segment Palisade Wall x1 |
| 18:51 | TAG_Mihai06 · first_market_buy 100 food |
| 20:02 | TAG_Mihai06 · first_building Stable |
| 20:33 | Hoanginator · age_up castle |
| 21:38 | TAG_Mihai06 · age_up castle |
| 21:40 | TAG_Mihai06 · wall_segment Palisade Wall x1 |
| 21:49 | TAG_Mihai06 · first_building Monastery |
| 22:05 | Hoanginator · first_building Monastery |
| 22:29 | TAG_Mihai06 · first_market_sell 100 wood |
| 22:45 | Hoanginator · first_building Siege Workshop |
| 27:03 | TAG_Mihai06 · wall_segment Palisade Wall x1 |
| 27:04 | TAG_Mihai06 · wall_segment Palisade Wall x1 |
| 27:04 | TAG_Mihai06 · wall_segment Palisade Wall x1 |
| 28:44 | TAG_Mihai06 · first_building Siege Workshop |
| 29:50 | TAG_Mihai06 · resign |
[ AI ANALYSIS · 1 CREDIT ]
What really happened in this match?
Wolo.gg analyzes every decision: build order, eco, micro, common mistakes by bracket. Personalized analysis on WhatsApp or Discord in 30 seconds.
Civ guide
Wu
Perfil
Mihai